AoeStats
← Iguano Pop

Arabian Desert

509310698Analyzed
1v1 RM · 6d ago on Sep 26, 2026· 40m 39s· 2 players
Game mode
Random Map
Map size
Tiny (2 player)
Population
200
Speed
Normal
Resources
Standard
Victory
Conquest
Starting age
Dark Age
Ending age
Imperial Age
RankedLock teamsTeams togetherTeam positionsShared explorationLock speedFull tech treeHidden civsTurbo modeCheats
Victory
Defeat
🇹🇼 Magyars · Taiwan
1354
+14
🇲🇽 Celts · Mexico
1301
-14
Iguano Pop
6:48 Loom
9:24 Feudal Age
10:29 Man-at-Arms
15:31 Fletching
18:14 Scale Mail Armor
18:28 Forging
22:44 Scale Mail Armor
24:46 Castle Age
25:44 Chain Mail Armor
25:02 Long Swordsman
26:17 Iron Casting
25:08 Crossbowman
25:48 Bodkin Arrow
27:11 Gambesons
27:12 Arson
30:43 Double-Bit Axe
35:00 Gold Mining
36:08 Pikeman
RZ
6:47 Loom
9:29 Feudal Age
11:02 Double-Bit Axe
20:26 Scale Barding Armor
21:38 Wheelbarrow
26:12 Bloodlines
31:50 Castle Age
29:41 Horse Collar
31:57 Light Cavalry
36:13 Husbandry
39:26 Chain Barding Armor
Connection lost

Rejoining the realm…

Still unreachable

The connection could not be restored.

Session expired

The server has moved on; the page needs a fresh start.